 Dungeon Crawl Stone Soup version 0.26-a0-67-g850bfe61e3 (webtiles) character file.

Game seed: 17449815991470231881

10026 mortelune the Zephyrmancer (level 11, -6/68 HPs)
             Began as a Tengu Air Elementalist on June 12, 2020.
             Was a Priest of Vehumet.
             Mangled by an unseen horror (10 damage)
             ... on level 10 of the Dungeon.
             The game lasted 00:48:34 (20973 turns).

mortelune the Zephyrmancer (TeAE)                  Turns: 20973, Time: 00:48:34

Health: -6/68      AC:  7    Str:  9    XL:     11   Next: 55%
Magic:  3/23       EV: 17    Int: 19    God:    Vehumet [***...]
Gold:   754        SH:  5    Dex: 14    Spells: 2/24 levels left

rFire    + . .     SeeInvis .   N - +3 scimitar (flame)
rCold    x . .     Gourm    .   (no shield)
rNeg     . . .     Faith    .   B - +1 leather armour {rPois}
rPois    +         Spirit   .   (helmet restricted)
rElec    .         Reflect  +   C - +1 cloak {rCorr}
rCorr    +         Harm     .   (no gloves)
MR       +....                  (boots unavailable)
Stlth    ++........             u - amulet of reflection
HPRegen  0.21/turn              g - ring of fire
MPRegen  0.18/turn              M - ring of protection from magic

@: about to teleport, marked, flying quickly and evasively, quick
A: beak, talons 3, able to fly
a: Stop Flying, Renounce Religion


You were on level 10 of the Dungeon.
You worshipped Vehumet.
Vehumet was most pleased with you.
You were hungry.

You visited 2 branches of the dungeon, and saw 11 of its levels.
You also visited: Ossuary.

You collected 754 gold pieces.

Inventory:

Hand Weapons
 N - a +3 scimitar of flaming (weapon)
Armour
 B - a +1 leather armour of poison resistance (worn)
 C - a +1 cloak of preservation (worn)
Jewellery
 g - a ring of fire (left hand)
 o - an uncursed amulet of reflection
 u - an amulet of reflection (around neck)
 E - an uncursed amulet of guardian spirit
 K - an uncursed amulet of magic regeneration
 M - a ring of protection from magic (right hand)
Wands
 a - a wand of acid (7)
 d - a wand of polymorph (20)
 D - a wand of digging (4)
 F - a wand of iceblast (4)
 I - a wand of paralysis (5)
Scrolls
 f - 2 scrolls of fog
 i - 3 scrolls of identify
 l - a scroll of random uselessness
 n - 3 scrolls of remove curse
 p - a scroll of immolation
 t - a scroll of teleportation
 w - 3 scrolls of magic mapping
 J - a scroll of noise
Potions
 b - 2 potions of might
 h - a potion of resistance
 m - a potion of lignification
 s - a potion of magic
 v - a potion of cancellation {unknown}
 x - a potion of heal wounds {unknown}
 y - 3 potions of curing
 z - 2 potions of brilliance {unknown}
 A - 2 potions of flight
 G - a potion of invisibility {unknown}
Comestibles
 c - 16 rations
 j - a chunk of flesh


   Skills:
 + Level 7.8 Fighting
 - Level 7.2 Armour
 + Level 4.9 Dodging
 - Level 2.0 Stealth
 + Level 7.4 Spellcasting
 - Level 4.0 Conjurations
 + Level 2.1 Summonings
 + Level 14.2 Air Magic


You had 2 spell levels left.
You knew the following spells:

 Your Spells              Type           Power        Failure   Level  Hunger
a - Shock                 Conj/Air       ####         1%          1    None
b - Static Discharge      Conj/Air       #####...     1%          3    #......
c - Airstrike             Air            ######....   1%          4    ###....
d - Lightning Bolt        Conj/Air       #####.....   2%          5    #####..
e - Summon Lightning Spi  Summ/Air       #####...     4%          4    ###....
g - Swiftness             Chrm/Air       ####....     1%          2    None
z - Mephitic Cloud        Conj/Pois/Air  ####....     1%          3    #......

Your spell library contained the following spells:

 Spells                   Type           Power        Failure   Level  Hunger
 Olgreb's Toxic Radiance  Pois           #.......     30%         4    ###....
 Foxfire                  Conj/Fire      ###.         1%          1    None
 Sandblast                Erth           #.....       3%          1    None
 Corona                   Hex            #......      13%         1    None
 Ensorcelled Hibernation  Hex/Ice        #.....       19%         2    None
 Passwall                 Tmut/Erth      #.......     19%         2    None
 Conjure Flame            Conj/Fire      ###.....     4%          3    #......
 Dazzling Flash           Conj/Hex       ##....       4%          3    #......
 Stone Arrow              Conj/Erth      ##....       4%          3    #......
 Inner Flame              Hex/Fire       ##......     11%         3    #......
 Conjure Ball Lightning   Conj/Air       #####.....   12%         6    ######.
 Sticky Flame             Conj/Fire      ###.....     16%         4    ###....
 Silence                  Hex/Air        ####......   19%         5    #####..
 Confusing Touch          Hex            #.......     36%         3    #......
 Tukima's Dance           Hex            #.......     36%         3    #......
 Fireball                 Conj/Fire      ###.......   36%         5    #####..
 Lee's Rapid Deconstruct  Erth           #.........   63%         5    #####..
 Petrify                  Tmut/Erth      #.......     77%         4    ###....
 Ignition                 Fire           ##........   100%        8    #######
 Shatter                  Erth           #.........   100%        9    #######
 Tornado                  Air            ######....   100%        9    #######


Dungeon Overview and Level Annotations

Branches:
Dungeon (10/15)            Temple (1/1) D:4         Ossuary (visited)
   Lair: D:8-11         Orc: D:9-12

Altars:
Ashenzari
Cheibriados
Dithmenos
Elyvilon
Fedhas
Gozag
Hepliaklqana
Kikubaaqudgha
Makhleb
Nemelex Xobeh
Okawaru
Qazlal
Ru
Sif Muna
Trog
Uskayaw
Vehumet
Wu Jian
Xom
Yredelemnul
Zin
The Shining One

Shops:
D:4 %   D:10 (

Annotations:
D:7 !pas fini, Joseph; slayr's ghost, novice NaEn
D:10 Harold


Innate Abilities, Weirdness & Mutations

You have a beak for a mouth.
You have claws for feet.
You can fly continuously.


Message History

Vehumet accepts your kill. Something hits you!
* * * LOW HITPOINT WARNING * * *
Something hits you.
* * * LOW HITPOINT WARNING * * *
Something hits you.
* * * LOW HITPOINT WARNING * * *
Something hits you.
* * * LOW HITPOINT WARNING * * *
Something barely misses you. Something hits you.
* * * LOW HITPOINT WARNING * * *
You feel better. Something hits you but does no damage.
Something barely misses you. Something hits you.
* * * LOW HITPOINT WARNING * * *
A kobold comes into view. It is wielding a -1 whip.
As you read the scroll of teleportation, it crumbles to dust.
You feel strangely unstable. Something hits you.
* * * LOW HITPOINT WARNING * * *
Something barely misses you. Something hits you!
You die...

####### #.....#
#.....######
########..........#
..................#
.........@........#####
...######.....(.......#
...#....#.######@...###
...#....#.#....#....#
#..#....#.#....#..).#
#.##....#.#....#.####
#.#.....#.#....#.#
#.#.#####.####'#.#
#.....รท........K.#
#................#
#................#


You could see Harold and a kobold.

Vanquished Creatures
  A two-headed ogre (D:9)
  A guardian serpent (D:9)
  Psyche (D:10)
  Maggie (D:6)
  Grinder (D:6)
  2 trolls
  2 hippogriffs
  A spriggan (D:9)
  10 yaks
  Grum (D:8)
  A water moccasin (D:9)
  3 porcupines (D:10)
  2 orc warriors
  5 ice beasts
  4 phantoms
  2 black bears
  4 wolves (D:8)
  6 ogres
  3 centaurs
  3 crocodiles
  10 bullfrogs
  3 wights (D:10)
  2 electric eels (D:10)
  3 howler monkeys
  3 crimson imps
  A centaur zombie (D:8)
  4 hounds
  5 jellies
  10 orc priests
  3 centaur skeletons
  A bullfrog skeleton (D:5)
  3 iguanas
  8 orc wizards
  8 worker ants
  9 mummies
  A hound zombie (D:7)
  A hound skeleton (D:10)
  A howler monkey skeleton (D:10)
  3 gnolls (D:4)
  9 adders
  5 shadow imps
  An adder zombie (D:3)
  An adder skeleton (D:9)
  2 worms (D:2)
  4 leopard geckos
  40 orcs
  2 giant cockroaches
  11 goblins
  5 hobgoblins
  9 jackals
  4 quokkas
  3 bats
  6 frilled lizards
  A hobgoblin zombie (Ossuary)
  7 kobolds
  4 kobold zombies (Ossuary)
  3 orc zombies (Ossuary)
  2 quokka skeletons
  4 rats (D:1)
256 creatures vanquished.

Vanquished Creatures (collateral kills)
  A centaur (D:10)
1 creature vanquished.

Vanquished Creatures (others)
  26 foxfires
  6 fungi (D:10)
32 creatures vanquished.

Grand Total: 289 creatures vanquished

Notes
Turn   | Place    | Note
-------+----------+-------------------------------------------
     0 | D:1      | mortelune the Tengu Air Elementalist began the quest for
                  | the Orb.
     0 | D:1      | Reached XP level 1. HP: 10/10 MP: 4/4
   717 | D:1      | Reached XP level 2. HP: 15/15 MP: 0/6
  1950 | D:2      | Reached XP level 3. HP: 16/20 MP: 0/7
  3174 | D:2      | Learned a level 3 spell: Static Discharge
  4388 | D:2      | Found a snail-covered altar of Cheibriados.
  4559 | D:2      | Found a white marble altar of Elyvilon.
  4602 | D:2      | Reached XP level 4. HP: 24/24 MP: 6/8
  4708 | D:3      | Reached skill level 1 in Fighting
  5012 | D:3      | Reached skill level 5 in Air Magic
  5735 | D:4      | Noticed an ogre
  5740 | D:4      | Found a staircase to the Ecumenical Temple.
  5749 | D:4      | Killed an ogre
  5749 | D:4      | Gained mutation: You can fly continuously. [Tengu growth]
  5749 | D:4      | Reached XP level 5. HP: 11/29 MP: 3/9
  5888 | D:4      | Learned a level 4 spell: Airstrike
  5889 | D:4      | Found a sand-covered staircase.
  5972 | Ossuary  | Entered an ossuary
  6383 | Ossuary  | Reached XP level 6. HP: 32/35 MP: 1/10
  6595 | Ossuary  | Reached skill level 6 in Air Magic
  7455 | D:4      | Found Xiruib's Food Emporium.
  7639 | Temple   | Entered the Ecumenical Temple
  7857 | Temple   | Became a worshipper of Vehumet
  8162 | D:4      | Reached XP level 7. HP: 35/40 MP: 1/12
  8457 | D:4      | Found a shadowy altar of Dithmenos.
  8656 | D:4      | Found a stormy altar of Qazlal.
  9081 | D:4      | Found a shimmering blue altar of Sif Muna.
  9157 | D:4      | Reached skill level 7 in Air Magic
  9223 | D:5      | Entered Level 5 of the Dungeon
 10189 | D:5      | Found a blossoming altar of Fedhas.
 10189 | D:5      | Found an iron altar of Okawaru.
 10267 | D:5      | Learned a level 5 spell: Lightning Bolt
 10373 | D:5      | Reached skill level 8 in Air Magic
 10373 | D:5      | Reached XP level 8. HP: 41/46 MP: 5/14
 10573 | D:5      | Reached * piety under Vehumet
 10573 | D:5      | Offered knowledge of Foxfire by Vehumet.
 10573 | D:5      | Reached skill level 1 in Armour
 10576 | D:5      | Learned a level 1 spell: Foxfire
 11669 | D:6      | Found a shattered altar of Ashenzari.
 12119 | D:6      | Noticed Maggie
 12129 | D:6      | Killed Maggie
 12129 | D:6      | Reached skill level 9 in Air Magic
 12276 | D:6      | Noticed a troll
 12301 | D:6      | Killed a troll
 12301 | D:6      | Reached XP level 9. HP: 52/52 MP: 2/17
 12489 | D:6      | Noticed Grinder
 12498 | D:6      | Killed Grinder
 12498 | D:6      | Reached skill level 10 in Air Magic
 12924 | D:6      | Found a sacrificial altar of Ru.
 13430 | D:7      | Reached skill level 5 in Spellcasting
 13580 | D:7      | Reached skill level 5 in Fighting
 13728 | D:7      | Found a runed translucent door.
 13728 | D:7      | Noticed a centaur warrior
 13729 | D:7      | Noticed slayr's ghost (novice NaEn)
 14065 | D:7      | Noticed Joseph
 14264 | D:7      | Found a glowing silver altar of Zin.
 14546 | D:8      | Reached skill level 11 in Air Magic
 15210 | D:8      | Reached skill level 5 in Armour
 15257 | D:8      | Reached XP level 10. HP: 60/60 MP: 13/19
 15597 | D:8      | Noticed Grum
 15602 | D:8      | Killed Grum
 15616 | D:8      | Reached skill level 12 in Air Magic
 15624 | D:8      | Reached ** piety under Vehumet
 15747 | D:8      | Offered knowledge of Searing Ray by Vehumet.
 16994 | D:9      | Noticed a guardian serpent
 16998 | D:9      | Killed a guardian serpent
 17127 | D:8      | Reached skill level 13 in Air Magic
 17343 | D:8      | Offered knowledge of Mephitic Cloud by Vehumet.
 17528 | D:8      | Learned a level 3 spell: Mephitic Cloud
 17531 | D:8      | Learned a level 2 spell: Swiftness
 17734 | D:9      | Reached XP level 11. HP: 45/67 MP: 7/22
 18458 | D:10     | Entered Level 10 of the Dungeon
 18611 | D:10     | Reached *** piety under Vehumet
 18684 | D:10     | Noticed a two-headed ogre
 18743 | D:9      | Killed a two-headed ogre
 18866 | D:10     | Reached skill level 14 in Air Magic
 19021 | D:10     | Noticed Harold
 19035 | D:10     | Found Huvocyun's Antique Weapon Boutique.
 19324 | D:9      | Identified 2 scrolls of acquirement
 19503 | D:9      | Learned a level 4 spell: Summon Lightning Spire
 19654 | D:10     | Noticed Psyche
 20280 | D:10     | Reached skill level 1 in Summonings
 20347 | D:10     | Offered knowledge of Olgreb's Toxic Radiance by Vehumet.
 20507 | D:10     | Killed Psyche
 20973 | D:10     | Mangled by an unseen horror

Illustrated notes

Levels and vault maps discovered:
D:1:      saegor_arrival_simple_a, layout_loops_ring, minmay_pentomino_p4
D:2:      minmay_angry_zag, layout_loops_ring, gammafunk_temple_overflow_pools,
          first_ration
D:3:      layout_basic, dk_noncrumbling_4, minmay_crystal_water
D:4:      layout_loops_ring, overflow_temple_1_default,
          lemuel_coloured_pillars_altar, nicolae_overflow_crystal_walls,
          minmay_temple_entry_slanted, serial_shops, shop,
          gup_ossuary_entry_pyramid, ebering_dispersal_statue_hall
D:5:      layout_loops_corners, gammafunk_temple_overflow_elements
D:6:      layout_loops_ring, nicolae_ru_the_path_less_chosen,
          cheibrodos_ashenzari_chains, uniq_maggie, uniq_grinder
D:7:      layout_basic, lemuel_round_altar, ebering_ghost_inner_flame,
          uniq_joseph
D:8:      layout_gridville, minmay_circle_x, uniq_grum
D:9:      layout_rooms, the_bakery, nrook_guardian_serpent_ordinary
D:10:     layout_irregular_city, due_lair_maze_entry_diamond, erik_orc_2,
          serial_shops, shop, uniq_psyche, uniq_harold
Temple:   nicolae_temple_figure_eight

Skill      XL: |  1  2  3  4  5  6  7  8  9 10 11 |
---------------+----------------------------------+-----
Conjurations   | 2 3 4 |  4.0
Fighting       | 1 2 3 4 5 7 |  7.8
Air Magic      | 5 6 8 9 11 13 14 | 14.2
Dodging        | 3 4 |  4.9
Spellcasting   | 3 4 5 6 7 |  7.4
Armour         | 3 5 6 7 |  7.2
Summonings     | 2 |  2.1
Stealth        | |  2.0

Action                   |  1- 3 |  4- 6 |  7- 9 | 10-12 || total
-------------------------+-------+-------+-------+-------++-------
Melee: Whip              |     2 |    33 |     5 |       ||    40
       Peck              |     1 |     8 |     6 |     4 ||    19
       Kick              |       |    10 |     7 |     6 ||    23
       Mace              |       |       |     4 |       ||     4
       Scimitar          |       |       |     4 |    15 ||    19
 Cast: Shock             |    96 |   119 |   177 |    90 ||   482
       Static Discharge  |       |     5 |     3 |     7 ||    15
       Airstrike         |       |       |    55 |   128 ||   183
       Foxfire           |       |       |    14 |     4 ||    18
       Lightning Bolt    |       |       |       |     9 ||     9
       Mephitic Cloud    |       |       |       |     2 ||     2
       Summon Lightning  |       |       |       |     4 ||     4
 Abil: Fly               |       |       |     1 |       ||     1
  Use: Scroll            |     2 |     7 |     2 |    14 ||    25
       Potion            |       |       |     3 |     6 ||     9
  Eat: Chunk             |     9 |     3 |    19 |    22 ||    53
       Ration            |     1 |     3 |     3 |     4 ||    11
Armor: Robe              |     3 |     2 |       |       ||     5
       Leather armour    |       |       |     7 |    36 ||    43
Dodge: Dodged            |    10 |    21 |    35 |   103 ||   169
Block: Other             |       |    11 |    13 |    35 ||    59
       Reflection        |       |       |     3 |     3 ||     6
       Rpst.: Scimitar   |       |       |     6 |    28 ||    34

Table legend:
 A = Non-vault XP
 B = Vault XP
 C = Vault XP percentage of total XP
 D = Non-vault monster count
 E = Vault monster count
 F = Vault count percentage of total count
                 A         B        C        D         E       F
            +---------+---------+-------+---------+---------+-------
      Total |   10095 |    4228 |  29.5 |     207 |      50 |  19.5
            +---------+---------+-------+---------+---------+-------
        D:1 |      19 |       5 |  20.8 |      12 |       3 |  20.0
        D:2 |      51 |       7 |  12.1 |      15 |       2 |  11.8
        D:3 |      25 |       0 |   0.0 |      13 |       0 |   0.0
        D:4 |     440 |      21 |   4.6 |      17 |       1 |   5.6
        D:5 |     682 |       0 |   0.0 |      27 |       0 |   0.0
        D:6 |     620 |     681 |  52.3 |      13 |       2 |  13.3
        D:7 |    1043 |       0 |   0.0 |      27 |       0 |   0.0
        D:8 |    2908 |    1192 |  29.1 |      37 |      11 |  22.9
        D:9 |    3054 |     685 |  18.3 |      26 |       2 |   7.1
       D:10 |    1253 |    1485 |  54.2 |      20 |      13 |  39.4
    Ossuary |       0 |     152 | 100.0 |       0 |      16 | 100.0
            +---------+---------+-------+---------+---------+-------
